 Dungeon Crawl Stone Soup version 0.21.0 (webtiles) character file.

1250 Gildeon the Cleaver (level 8, -2/64 HPs)
             Began as a Minotaur Fighter on Jan 7, 2018.
             Slain by an orc warrior
             ... wielding a +0 halberd
              (9 damage)
             ... on level 6 of the Dungeon.
             The game lasted 00:15:29 (4481 turns).

Gildeon the Cleaver (Minotaur Fighter)              Turns: 4481, Time: 00:15:30

Health: -2/64      AC: 11    Str: 20    XL:     8   Next: 26%
Magic:  7/7        EV:  3    Int: 10    God:
Gold:   275        SH:  9    Dex: 11    Spells: 7/7 levels left

rFire    . . .     SeeInvis +   a - +2 war axe
rCold    . . .     Gourm    .   c - +0 shield
rNeg     . . .     Faith    .   n - +0 plate armour
rPois    .         Spirit   .   (helmet restricted)
rElec    .         Reflect  .   (no cloak)
rCorr    .         Harm     .   (no gloves)
MR       +....     Clarity  +   (no boots)
Stlth    ..........             b - amulet of rage
HPRegen  0.20/turn              h - ring of protection from magic
MPRegen  0.10/turn              r - +5 ring of intelligence

@: no status effects
A: retaliatory headbutt, horns 2, see invisible, clarity, weak 1
a: Evoke Berserk Rage


You were on level 6 of the Dungeon.
You were not hungry.

You visited 1 branch of the dungeon, and saw 6 of its levels.

You collected 275 gold pieces.

Inventory:

Hand Weapons
 a - a +2 war axe (weapon)
Armour
 c - a +0 shield (worn)
 n - a +0 plate armour (worn)
Jewellery
 b - an amulet of rage (around neck)
 h - a ring of protection from magic (left hand)
 o - an uncursed ring of positive energy
 r - a +5 ring of intelligence (right hand)
Wands
 l - a wand of iceblast (8)
Scrolls
 j - 7 scrolls of teleportation
 m - 2 scrolls of remove curse
 p - a scroll of fear
Potions
 e - a potion of invisibility
Comestibles
 d - 8 chunks of flesh
 f - 4 rations


   Skills:
 - Level 3.6 Fighting
 + Level 11.9 Axes
 - Level 3.6 Armour
 - Level 3.6 Shields


You had 7 spell levels left.
You didn't know any spells.

Dungeon Overview and Level Annotations

Branches:
Dungeon (6/15)
 Temple: D:4-7

Altars:
Dithmenos
Gozag
Hepliaklqana
Okawaru
Qazlal
Ru


Innate Abilities, Weirdness & Mutations

You reflexively headbutt those who attack you in melee.
You have a pair of horns on your head.
You have supernaturally acute eyesight. (SInv)
You possess an exceptional clarity of mind.
You are weak. (Str -2)


Message History

Your shield and plate armour prevent you from hitting the orc warrior.
The orc warrior is severely wounded.
You completely miss the frilled lizard.
The orc warrior hits you with a halberd!
The frilled lizard bites you but does no damage.
You hit the orc warrior.
The orc warrior is almost dead.
You slash the frilled lizard!
You kill the frilled lizard!
The orc warrior hits you with a halberd!!
* * * LOW HITPOINT WARNING * * *
You closely miss the orc warrior.
The orc warrior is almost dead.
You block the orc warrior's attack.
Okay, then.
You barely miss the orc warrior.
You headbutt the orc warrior, but do no damage.
The orc warrior is almost dead.
The orc warrior hits you with a halberd!
You die...

#.# #.#
#.....#...# #.#
#.# #.#######.#
#.# #.#####.# #.#
#.# #.......# #..
#.########### #.#
#.##.$...... ###
.#####.##........
..
#.........).......
###
##########@.......
# #o)...... #
#†....... #
#......... #
#.........
#...'##### #...#.
#...#.. #..##...


You could see an orc warrior.

Vanquished Creatures
  The ghost of Aviak the Chucker, a novice CeHu (D:5)
  An ogre (D:6)
  A crocodile (D:5)
  2 scorpions (D:5)
  A howler monkey (D:6)
  A bullfrog zombie (D:5)
  A quasit (D:5)
  A centaur skeleton (D:5)
  3 hounds
  A bullfrog skeleton (D:5)
  An iguana (D:5)
  An orc wizard (D:6)
  6 worker ants
  A hound skeleton (D:5)
  7 adders
  4 gnolls
  A shadow imp (D:5)
  2 adder skeletons
  An adder zombie (D:5)
  5 worms
  3 dart slugs
  4 leopard geckos
  11 orcs
  2 giant cockroaches (D:1)
  9 goblins
  9 hobgoblins
  A quokka (D:3)
  3 ball pythons
  8 bats
  10 frilled lizards
  10 kobolds
  A leopard gecko skeleton (D:4)
  10 rats
123 creatures vanquished.

Notes
Turn   | Place    | Note
-------+----------+-------------------------------------------
     0 | D:1      | Gildeon the Minotaur Fighter began the quest for the Orb.
     0 | D:1      | Reached XP level 1. HP: 19/19 MP: 0/0
   174 | D:1      | Reached skill level 3 in Axes
   222 | D:1      | Reached XP level 2. HP: 26/26 MP: 1/1
   366 | D:1      | Reached skill level 4 in Axes
   733 | D:2      | Found a hazy altar of Hepliaklqana.
   819 | D:2      | Reached XP level 3. HP: 27/31 MP: 2/2
   935 | D:2      | Found a faded altar of an unknown god.
   956 | D:2      | Found a stormy altar of Qazlal.
  1209 | D:2      | Became a worshipper of Gozag Ym Sagoz the Greedy
  1210 | D:2      | Fell from the grace of Gozag
  1268 | D:2      | Found an opulent altar of Gozag.
  1350 | D:2      | Reached skill level 5 in Axes
  1599 | D:3      | Reached XP level 4. HP: 12/39 MP: 3/3
  1997 | D:3      | Gained mutation: You have supernaturally acute eyesight. (SInv) [potion of mutation]
  1997 | D:3      | Gained mutation: You are weak. (Str -2) [potion of mutation]
  1997 | D:3      | Gained mutation: You possess an exceptional clarity of mind. [potion of mutation]
  2247 | D:3      | Reached skill level 6 in Axes
  2582 | D:3      | Was forgiven by Gozag
  2582 | D:3      | Reached XP level 5. HP: 34/45 MP: 4/4
  3043 | D:4      | Reached skill level 7 in Axes
  3094 | D:4      | Found an iron altar of Okawaru.
  3400 | D:4      | Found an opulent altar of Gozag.
  3467 | D:4      | Reached XP level 6. HP: 48/51 MP: 5/5
  3703 | D:5      | Entered Level 5 of the Dungeon
  3753 | D:5      | Noticed an ice beast
  3772 | D:5      | Reached skill level 8 in Axes
  3871 | D:5      | Reached skill level 9 in Axes
  3893 | D:5      | Reached XP level 7. HP: 55/57 MP: 6/6
  3967 | D:5      | Noticed Aviak's ghost (novice CeHu)
  3976 | D:5      | Killed Aviak's ghost
  3976 | D:5      | Reached skill level 10 in Axes
  4039 | D:5      | Found a shadowy altar of Dithmenos.
  4079 | D:5      | Reached skill level 11 in Axes
  4171 | D:5      | Reached XP level 8. HP: 64/64 MP: 7/7
  4457 | D:6      | Found a sacrificial altar of Ru.
  4481 | D:6      | Slain by an orc warrior

Skill      XL: |  1  2  3  4  5  6  7 |
---------------+----------------------+-----
Axes           | 3 4 5 6 7 9 11 | 11.9
Fighting       | |  3.6
Armour         | |  3.6
Shields        | |  3.6

Action                   |  1- 3 |  4- 6 |  7- 9 || total
-------------------------+-------+-------+-------++-------
Melee: War axe           |    73 |   158 |    70 ||   301
       Headbutt          |    12 |    22 |    12 ||    46
Invok: Renounce Religion |     1 |       |       ||     1
  Use: Scroll            |     5 |     8 |       ||    13
       Potion            |       |     4 |     3 ||     7
  Eat: Chunk             |     2 |     2 |     1 ||     5
       Ration            |       |     2 |       ||     2
Armor: Scale mail        |    21 |    34 |       ||    55
       Plate armour      |       |    45 |    30 ||    75
Dodge: Dodged            |    33 |    46 |     7 ||    86
Block: Shield            |    36 |   103 |    33 ||   172
